 Dungeon Crawl Stone Soup version 0.21.1-1-g345015f (webtiles) character file.

3717 infcreate the Cleaver (level 9, 0/79 HPs)
             Began as a Minotaur Fighter on June 11, 2018.
             Slain by a death yak (13 damage)
             ... on level 8 of the Dungeon.
             The game lasted 00:29:43 (7380 turns).

infcreate the Cleaver (Minotaur Fighter)            Turns: 7380, Time: 00:29:45

Health: 0/79       AC: 15    Str: 24    XL:     9   Next: 92%
Magic:  8/8        EV:  6    Int:  5    God:
Gold:   407        SH: 11    Dex: 10    Spells: 8/8 levels left

rFire    . . .     SeeInvis .   a - +0 war axe
rCold    . . .     Gourm    .   c - +0 shield
rNeg     . . .     Faith    .   G - +0 plate armour
rPois    .         Spirit   .   (helmet restricted)
rElec    .         Reflect  .   (no cloak)
rCorr    .         Harm     .   (no gloves)
MR       .....                  n - +0 pair of boots
Stlth    ..........             (no amulet)
HPRegen  0.23/turn              e - ring of flight
MPRegen  0.11/turn              (no ring)

@: no status effects
A: retaliatory headbutt, horns 2
a: Evoke Flight


You were on level 8 of the Dungeon.
You were not hungry.

You visited 1 branch of the dungeon, and saw 8 of its levels.

You collected 407 gold pieces.

Inventory:

Hand Weapons
 a - a +0 war axe (weapon)
Armour
 c - a +0 shield (worn)
 n - a +0 pair of boots (worn)
 G - a +0 plate armour (worn)
Jewellery
 e - a ring of flight (left hand)
 j - a cursed amulet of inaccuracy {unknown}
 C - an uncursed ring of wizardry {unknown}
 F - an uncursed ring of poison resistance {unknown}
Scrolls
 g - a scroll of enchant armour {unknown}
 h - a scroll of fear {unknown}
 i - 2 scrolls of remove curse
 k - a scroll of blinking {unknown}
 m - 2 scrolls of teleportation
 q - 2 scrolls of identify {unknown}
 t - a scroll of immolation {unknown}
 u - a scroll of enchant weapon {unknown}
 y - a scroll of summoning {unknown}
 D - a scroll of amnesia {unknown}
Potions
 b - a potion of mutation {unknown}
 d - 2 potions of might
 l - 5 potions of lignification {unknown}
 p - a potion of resistance {unknown}
 s - a potion of curing {unknown}
 w - a potion of berserk rage {unknown}
 x - a potion of cancellation {unknown}
 z - 3 potions of flight {unknown}
 A - 3 potions of heal wounds {unknown}
 B - a potion of magic {unknown}
 E - a potion of degeneration {unknown}
Books
 r - a book of Changes

   Spells                             Type                      Level
   a - Beastly Appendage              Transmutation                1
   b - Sticks to Snakes               Transmutation                2
   c - Spider Form                    Transmutation/Poison         3
   d - Ice Form                       Ice/Transmutation            4
   e - Blade Hands                    Transmutation                5
 v - a book of Maledictions

   Spells                             Type                      Level
   a - Corona                         Hexes                        1
   b - Ensorcelled Hibernation        Hexes/Ice                    2
   c - Confuse                        Hexes                        3
   d - Tukima's Dance                 Hexes                        3
   e - Dazzling Spray                 Conjuration/Hexes            3
Comestibles
 f - 8 rations
 o - a chunk of flesh


   Skills:
 + Level 7.5 Fighting
 + Level 10.4 Axes
 + Level 9.5 Armour
 + Level 9.0 Shields


You had 8 spell levels left.
You didn't know any spells.

Dungeon Overview and Level Annotations

Branches:
Dungeon (8/15)             Temple (0/1) D:7            Lair (0/6) D:8

Altars:
Cheibriados
Gozag
Kikubaaqudgha
Nemelex Xobeh
Sif Muna

Shops:
D:4 *   D:6 :


Innate Abilities, Weirdness & Mutations

You reflexively headbutt those who attack you in melee.
You have a pair of horns on your head.


Message History

Your shield and plate armour prevent you from hitting the death yak.
The death yak is moderately wounded.
The death yak gores you!
You are too injured to fight recklessly!
You are too injured to fight recklessly!
You are too injured to fight recklessly!
You slash the death yak!
The death yak is moderately wounded.
You block the death yak's attack.
You slash the death yak!
The death yak is heavily wounded.
The death yak gores you.
You hit the death yak but do no damage. You headbutt the death yak!
The death yak is severely wounded.
The death yak gores you!
* * * LOW HITPOINT WARNING * * *
You slice the death yak!!
The death yak is almost dead.
The death yak gores you!
You die...

#.# #.#<..##.# #Y#
#.###.##.# #.# #.#
#.##.# #Y# #.#
#.##.# #.# ####.#
#.##.# #Y# #....#
#.##.# #.#
#.######.##.#
#†######...........#
#...YY@..##.###.####
###########.....#
#######


You could see 2 death yaks.

Vanquished Creatures
  A death yak (D:8)
  The ghost of Kagorn the Fighter, a novice GrFi of Makhleb (D:7)
  The ghost of KeyboardFingers the Archer, a novice CeAM (D:6)
  A hippogriff (D:7)
  The ghost of Kagorn the Shield-Bearer, an amateur HuFi (D:4)
  An orc warrior (D:7)
  3 phantoms
  The ghost of p0werm0de the Insei, an amateur MfCK of Cheibriados (D:5)
  The ghost of KeyboardFingers the Poker, an amateur MfBe of Trog (D:3)
  2 ogres (D:7)
  4 centaurs
  A big kobold (D:7)
  4 bullfrogs
  2 scorpions
  A crimson imp (D:6)
  2 howler monkeys (D:7)
  3 bullfrog zombies
  An orc priest (D:7)
  2 hounds
  A bullfrog skeleton (D:7)
  An iguana (D:7)
  3 worker ants (D:4)
  4 adders
  4 gnolls (D:2)
  An ooze (D:6)
  An adder zombie (D:7)
  A worm (D:7)
  A dart slug (D:1)
  4 leopard geckos
  5 orcs
  8 bats
  6 giant cockroaches
  10 hobgoblins
  2 jackals (D:3)
  5 quokkas
  5 frilled lizards
  2 goblins (D:1)
  A jackal zombie (D:7)
  15 kobolds
  7 rats
  A plant (D:7)
121 creatures vanquished.

Notes
Turn   | Place    | Note
-------+----------+-------------------------------------------
     0 | D:1      | infcreate the Minotaur Fighter began the quest for the Orb.
     0 | D:1      | Reached XP level 1. HP: 19/19 MP: 0/0
   140 | D:1      | Reached XP level 2. HP: 27/27 MP: 1/1
   540 | D:2      | Reached XP level 3. HP: 33/33 MP: 2/2
   676 | D:2      | Reached skill level 3 in Axes
   945 | D:2      | Reached XP level 4. HP: 27/40 MP: 3/3
  1355 | D:2      | Found a faded altar of an unknown god.
  1780 | D:3      | Noticed KeyboardFingers's ghost (amateur MfBe)
  1791 | D:3      | Killed KeyboardFingers's ghost
  1791 | D:3      | Reached skill level 4 in Axes
  1791 | D:3      | Reached XP level 5. HP: 37/47 MP: 4/4
  2559 | D:3      | Reached skill level 5 in Armour
  2722 | D:4      | Found an opulent altar of Gozag.
  2725 | D:4      | Found Gozag's Platinum Reserve.
  2728 | D:4      | Noticed Kagorn's ghost (amateur HuFi)
  2942 | D:4      | Killed Kagorn's ghost
  2942 | D:4      | Reached skill level 5 in Fighting
  2942 | D:4      | Reached skill level 5 in Axes
  2942 | D:4      | Reached skill level 5 in Shields
  2942 | D:4      | Reached XP level 6. HP: 37/56 MP: 5/5
  4153 | D:5      | Entered Level 5 of the Dungeon
  4165 | D:5      | Reached XP level 7. HP: 53/61 MP: 6/6
  4282 | D:5      | Noticed p0werm0de's ghost (amateur MfCK)
  4295 | D:5      | Killed p0werm0de's ghost
  4331 | D:5      | Reached skill level 6 in Axes
  4338 | D:5      | Found a sparkling altar of Nemelex Xobeh.
  4911 | D:6      | Noticed KeyboardFingers's ghost (novice CeAM)
  4923 | D:6      | Killed KeyboardFingers's ghost
  4923 | D:6      | Reached skill level 7 in Axes
  4923 | D:6      | Reached XP level 8. HP: 61/70 MP: 7/7
  5114 | D:6      | Found Safokimu's Book Boutique.
  5115 | D:6      | Found an ancient bone altar of Kikubaaqudgha.
  5536 | D:7      | Found a snail-covered altar of Cheibriados.
  5636 | D:7      | Noticed Kagorn's ghost (novice GrFi)
  5640 | D:7      | Reached skill level 8 in Axes
  5708 | D:7      | Killed Kagorn's ghost
  5708 | D:7      | Reached XP level 9. HP: 42/78 MP: 8/8
  5806 | D:7      | Reached skill level 9 in Axes
  5919 | D:7      | Found a staircase to the Ecumenical Temple.
  6570 | D:7      | Found a deep blue altar of Sif Muna.
  6618 | D:8      | Noticed a cyclops
  6947 | D:7      | Reached skill level 10 in Axes
  7344 | D:8      | Noticed a death yak
  7344 | D:8      | Noticed a death yak
  7344 | D:8      | Noticed a death yak
  7344 | D:8      | Noticed a death yak
  7345 | D:8      | Noticed a death yak
  7345 | D:8      | Found a staircase to the Lair.
  7346 | D:8      | Noticed a death yak
  7347 | D:8      | Noticed a death yak
  7370 | D:8      | Killed a death yak
  7380 | D:8      | Slain by a death yak

Skill      XL: |  1  2  3  4  5  6  7  8  9 |
---------------+----------------------------+-----
Shields        | 4 5 6 7 9 |  9.0
Fighting       | 4 5 6 7 |  7.5
Armour         | 4 5 7 8 9 |  9.5
Axes           | 3 4 5 7 8 10 | 10.4

Action                   |  1- 3 |  4- 6 |  7- 9 || total
-------------------------+-------+-------+-------++-------
Melee: War axe           |    63 |   140 |   281 ||   484
       Headbutt          |     6 |    32 |    73 ||   111
  Use: Scroll            |     2 |       |     1 ||     3
       Potion            |       |       |     1 ||     1
  Eat: Chunk             |       |     7 |     7 ||    14
       Ration            |       |     1 |     1 ||     2
Armor: Scale mail        |    30 |     7 |       ||    37
       Chain mail        |       |    64 |    99 ||   163
       Plate armour      |       |       |     3 ||     3
Dodge: Dodged            |    20 |    33 |    57 ||   110
Block: Shield            |    41 |    82 |   142 ||   265
